 Dungeon Crawl Stone Soup version 0.28.0-43-g3370ac3207 (webtiles) character file.

Game seed: 3577792818056936342

2233 sanboga the Chopper (level 9, -3/56 HPs)
             Began as a Gargoyle Fighter on Mar 16, 2022.
             Slain by a gargoyle
             ... wielding a +0 morningstar
              (15 damage)
             ... on level 6 of the Dungeon.
             The game lasted 00:09:32 (5497 turns).

sanboga the Chopper (Gargoyle Fighter)              Turns: 5497, Time: 00:09:33

Health: -3/56      AC: 22    Str: 25    XL:     9   Next: 36%
Magic:  9/9        EV:  6    Int:  8    God:
Gold:   484        SH:  5    Dex:  9    Spells: 8/8 levels left

rFire   + + .      SeeInvis .   a - +7 hand axe of the Stork {vamp, rPois}
rCold   . . .      Faith    .   c - +0 buckler
rNeg    + . .      Spirit   .   w - +0 plate armour {rF+}
rPois   ∞          Reflect  .   (no helmet)
rElec   +          Harm     .   n - +0 cloak
rCorr   .          Rampage  .   v - +0 pair of gloves
Will    .....                   (no boots)
Stlth   ..........              (no amulet)
HPRegen 0.18/turn               x - ring of protection from fire
MPRegen 0.11/turn               (no ring)

@: mighty
A: sickness immunity, AC +6, negative energy resistance 1, electricity
resistance, torment resistance 1, petrification resistance
a: no special abilities


You were on level 6 of the Dungeon.
You visited 1 branch of the dungeon, and saw 6 of its levels.
You also visited: Ossuary.

You collected 484 gold pieces.

Inventory:

Hand Weapons
 a - the +7 hand axe of the Stork (weapon) {vamp, rPois}
   (You found it on level 2 of the Dungeon)

   It occasionally heals its wielder for a portion of the damage dealt when it
   wounds a living foe.
   rPois:     It protects you from poison.
 b - a +1 war axe
Armour
 c - a +0 buckler (worn)
 n - a +0 cloak (worn)
 v - a +0 pair of gloves (worn)
 w - a +0 plate armour of fire resistance (worn)
Jewellery
 x - a ring of protection from fire (left hand)
 y - a ring of ice
Wands
 l - a wand of digging (5)
 p - a wand of flame (48)
Scrolls
 i - a scroll of holy word {unknown}
 j - 2 scrolls of blinking
 o - 2 scrolls of teleportation
 r - a scroll of fog
 t - a scroll of noise {unknown}
Potions
 d - 3 potions of might
 e - 7 potions of curing
 f - a potion of cancellation {unknown}
 g - a potion of brilliance {unknown}
 h - a potion of ambrosia {unknown}
 k - 4 potions of degeneration {unknown}
 m - 3 potions of flight {unknown}
 s - 2 potions of berserk rage {unknown}
 u - 3 potions of heal wounds {unknown}
 z - 5 potions of magic {unknown}


   Skills:
 + Level 6.8 Fighting
 * Level 7.2 Axes
 + Level 6.8 Armour
 + Level 6.8 Shields


You had 8 spell levels left.
You didn't know any spells.
Your spell library contained the following spells:

 Spells                   Type           Power      Damage    Failure   Level
 Ensorcelled Hibernation  Hex/Ice        0%         N/A       100%        2
 Confusing Touch          Hex            0%         N/A       100%        3
 Dazzling Flash           Conj/Hex       0%         N/A       100%        3
 Spider Form              Tmut/Pois      0%         N/A       100%        3
 Anguish                  Hex/Necr       0%         N/A       100%        4
 Cause Fear               Hex            0%         N/A       100%        4


Dungeon Overview and Level Annotations

Branches:
Dungeon (6/15)             Temple (0/1) D:6         Ossuary (visited)

Altars:
Ashenzari
Elyvilon
Makhleb
Nemelex Xobeh

Shops:
D:5 :


Innate Abilities, Weirdness & Mutations

You are immune to sickness and miasma.
Your stone body is resilient. (AC +6)
You are immune to poison.
You resist negative energy. (rN+)
You are resistant to electric shocks. (rElec)
You are resistant to unholy torment.
You are immune to petrification.


Message History

A bullfrog is nearby!
You slash the bullfrog!
The bullfrog is heavily wounded.
The bullfrog hits you but does no damage.
You slash the bullfrog!
The bullfrog is severely wounded.
You block the bullfrog's attack.
The bullfrog hits you but does no damage.
You barely miss the bullfrog.
The bullfrog is severely wounded.
The gargoyle hurls a stone arrow at you.
The stone arrow misses you.
The bullfrog hits you but does no damage.
You barely miss the bullfrog.
The bullfrog is severely wounded.
The bullfrog hits you but does no damage.
The bullfrog barely misses you.
You barely miss the bullfrog.
The bullfrog is severely wounded.
The bullfrog hits you but does no damage.
You slash the bullfrog!
You kill the bullfrog!
You hit the gargoyle but do no damage.
The gargoyle hits you with a +0 morningstar.
You barely miss the gargoyle.
The gargoyle hits you but does no damage.
You hit the gargoyle but do no damage. The gargoyle barely misses you.
You barely miss the gargoyle.
The gargoyle hits you with a +0 morningstar.
You barely miss the gargoyle.
The gargoyle hurls a stone arrow at you.
The stone arrow hits you!!
You are too injured to fight recklessly!
You are too injured to fight recklessly!
You feel very mighty all of a sudden.
The gargoyle hits you with a +0 morningstar!
* * * LOW HITPOINT WARNING * * *
You feel mightier all of a sudden.
The gargoyle hits you with a +0 morningstar!
You die...

# #..##.# #### .. # #..##.#
#........# ##8>8## #. # #..##.#
#........# #.....# #. ####..##.#
#........# #.....# . #.....##.#
#........# #.(...# #
#.##.###.###........###.....#####
#.....................'.....'....
.###########........# #.....#####
.# #...# #...$@9..# #.....# .#
#...# #........# #.....# .# #.))#
#........# #.....# .# #...#
#........# #.....#
.###)).#####........###.)...#
...'...'................#####
####...######.#########.# #...#
#.# #.# #...# #.# #.#


You could see a gargoyle.

Vanquished Creatures
  Menkaure (D:5)
  A water moccasin (D:5)
  An ice beast (D:4)
  A black bear (D:4)
  2 sky beasts (D:6)
  A hornet zombie (D:6)
  2 necrophages
  4 ogres
  3 bullfrogs (D:6)
  A scorpion (D:5)
  2 water moccasin skeletons
  4 wights (D:6)
  A crimson imp (D:5)
  A jelly (D:5)
  A human zombie (D:6)
  Crazy Yiuf (D:2)
  An orc priest (D:5)
  An iguana (D:4)
  A scorpion zombie (D:5)
  Terence (D:1)
  A killer bee zombie (D:5)
  8 mummies (Ossuary)
  9 adders
  A shadow imp (D:5)
  3 white imps
  A worm zombie (D:6)
  2 dart slugs
  9 orcs
  2 bats
  2 endoplasms
  2 giant cockroaches
  2 gnoll zombies (Ossuary)
  6 goblins
  4 hobgoblins
  3 jackals (D:4)
  2 quokkas
  8 ball pythons
  A frilled lizard (D:2)
  A hobgoblin zombie (Ossuary)
  13 kobolds
  2 kobold zombies (Ossuary)
  3 orc zombies (Ossuary)
  4 rats
120 creatures vanquished.

Notes
Turn   | Place    | Note
-------+----------+-------------------------------------------
     0 | D:1      | sanboga the Gargoyle Fighter began the quest for the Orb.
     0 | D:1      | Reached XP level 1. HP: 14/14 MP: 1/1
   102 | D:1      | Reached skill level 2 in Axes
   181 | D:1      | Reached XP level 2. HP: 16/19 MP: 2/2
   449 | D:1      | Found a faded altar of an unknown god.
   765 | D:1      | Reached XP level 3. HP: 23/23 MP: 3/3
   882 | D:2      | Noticed Terence
   895 | D:1      | Killed Terence
  1108 | D:2      | Identified the +7 hand axe of the Stork {vamp, rPois}
  1212 | D:2      | Reached XP level 4. HP: 29/29 MP: 4/4
  1589 | D:2      | Found a runed translucent door.
  1590 | D:2      | Noticed Crazy Yiuf
  1598 | D:2      | Killed Crazy Yiuf
  1599 | D:2      | Reached skill level 3 in Axes
  2028 | D:3      | Reached XP level 5. HP: 33/33 MP: 5/5
  2078 | D:3      | Got the Compendium of Curses
  2342 | D:3      | Noticed an ogre
  2347 | D:3      | Killed an ogre
  2575 | D:4      | Reached XP level 6. HP: 39/39 MP: 6/6
  2681 | D:4      | Noticed an ice beast
  2693 | D:4      | Killed an ice beast
  2694 | D:4      | Reached skill level 4 in Axes
  2813 | D:4      | Noticed a necrophage
  2824 | D:4      | Killed a necrophage
  2825 | D:4      | Reached XP level 7. HP: 38/44 MP: 7/7
  2862 | D:4      | Found a white marble altar of Elyvilon.
  3436 | D:5      | Entered Level 5 of the Dungeon
  3484 | D:5      | Reached skill level 5 in Fighting
  3497 | D:5      | Reached skill level 5 in Armour
  3497 | D:5      | Reached skill level 5 in Shields
  3548 | D:5      | Found Loesifa's Book Shoppe.
  3595 | D:5      | Reached skill level 5 in Axes
  3875 | D:5      | Noticed Menkaure
  3880 | D:5      | Killed Menkaure
  3881 | D:5      | Reached XP level 8. HP: 21/50 MP: 8/8
  4217 | D:5      | Found a burning altar of Makhleb.
  4308 | D:5      | Found a broken altar of Ashenzari.
  4588 | D:5      | Reached skill level 6 in Axes
  4819 | D:6      | Found a staircase to the Ecumenical Temple.
  4841 | D:6      | Reached XP level 9. HP: 56/56 MP: 9/9
  4842 | D:6      | Noticed a gargoyle
  4945 | D:6      | Found a sparkling altar of Nemelex Xobeh.
  4960 | D:6      | Reached skill level 7 in Axes
  4962 | D:6      | Found a sand-covered staircase.
  4987 | Ossuary  | Entered an ossuary
  5497 | D:6      | Slain by a gargoyle

Illustrated notes

Levels and vault maps discovered:
D:1:      co_arrival_two_rings, layout_basic, chequers_ecumenical_altar_twisty,
          minivault_14
D:2:      layout_basic, uniq_terence, uniq_crazy_yiuf_cottage
D:3:      layout_loops_ring, nrook_mini_vaults
D:4:      layout_loops_ring, elyvilon_altar_1
D:5:      layout_gridville, overflow_temple_1_default, makhleb_grotto_becter,
          serial_shops, nicolae_shop_advertising_works
          [nicolae_subvault_shop_adworks], nrook_pool_corridor,
          corexii_corridor_pit, minmay_misc_feat_encased, uniq_menkaure
D:6:      layout_basic, kennysheep_little_box, temple_statues, enter_ossuary_3

Skill      XL: |  1  2  3  4  5  6  7  8  9 |
---------------+----------------------------+-----
Axes           | 2 3 4 5 6 7 |  7.2
Fighting       | 4 5 6 |  6.8
Armour         | 4 5 6 |  6.8
Shields        | 4 5 6 |  6.8

Action                   |  1- 3 |  4- 6 |  7- 9 || total
-------------------------+-------+-------+-------++-------
Melee: War axe           |    60 |       |       ||    60
       Hand axe          |     2 |    66 |   217 ||   285
Evoke: Wand              |       |     5 |       ||     5
  Use: Potion            |       |     1 |     3 ||     4
       Scroll            |       |       |     7 ||     7
Armor: Scale mail        |    28 |    26 |    19 ||    73
       Plate armour      |       |       |    94 ||    94
Dodge: Dodged            |    31 |    22 |    70 ||   123
Block: Buckler           |    17 |    11 |    34 ||    62
